 Seeded DCSS version 0.28-a0-1130-gc51a68064b (webtiles) character file.

Game seed: 484818770299775313 (custom seed)

4710 flotson the Eye of the Storm (level 10, -7/77 HPs)
             Began as a Demonspawn Hunter on Dec 12, 2021.
             Was a Priest of Qazlal.
             Mangled by an orc knight (18 damage)
             ... on level 9 of the Dungeon.
             The game lasted 00:13:35 (7489 turns).

flotson the Eye of the Storm (Demonspawn Hunter)    Turns: 7489, Time: 00:13:36

Health: -7/77      AC: 20    Str: 22    XL:     10   Next: 22%
Magic:  16/16      EV: 12    Int: 17    God:    Qazlal [***...]
Gold:   384        SH:  4    Dex: 13    Spells: 9/9 levels left

rFire   . . .      SeeInvis .   a - +9 arbalest "Nyit" {freeze, Int+3}
rCold   . . .      Faith    .   (shield currently unavailable)
rNeg    + . .      Spirit   .   w - +0 pearl dragon scales
rPois   .          Reflect  .   i - +1 hat
rElec   .          Harm     .   m - +2 cloak
rCorr   .          Rampage  .   (no gloves)
Will    .....                   c - +0 pair of boots
Stlth   ..........              (no amulet)
HPRegen 0.22/turn               e - +6 ring of strength
MPRegen 0.15/turn               F - ring of flight

@: lethally poisoned (-7 -> -9), flying
A: slimy green scales 1, foul stench 1, demonic magic 1, demonic touch 1
a: Renounce Religion, Upheaval, Elemental Force


You were on level 9 of the Dungeon.
You worshipped Qazlal.
Qazlal was most pleased with you.
You visited 1 branch of the dungeon, and saw 9 of its levels.
You also visited: Ossuary.

You collected 384 gold pieces.

Inventory:

Hand Weapons
 a - the +9 arbalest "Nyit" (weapon) {freeze, Int+3}
   (You found it on level 5 of the Dungeon)

   Any ammunition fired from it freezes those it strikes, dealing additional
   cold damage.
   It can also slow down cold-blooded creatures.
   Int:       It affects your intelligence (+3).
 b - a +4 quarterstaff of chaos
Missiles
 d - 28 bolts (quivered ammo)
 o - 41 poisoned darts
Armour
 c - a +0 pair of boots (worn)
 i - a +1 hat (worn)
 m - a +2 cloak (worn)
 u - +0 acid dragon scales
 w - +0 pearl dragon scales (worn)
Jewellery
 e - a +6 ring of strength (left hand)
 x - a ring of magical power
 F - a ring of flight (right hand)
Wands
 p - a wand of acid (2)
 z - a wand of charming (5)
Scrolls
 f - 7 scrolls of teleportation {unknown}
 h - 2 scrolls of fear {unknown}
 j - 4 scrolls of fog {unknown}
 k - 3 scrolls of noise {unknown}
 r - 2 scrolls of immolation {unknown}
 s - 2 scrolls of blinking {unknown}
 t - 2 scrolls of enchant weapon {unknown}
 y - a scroll of vulnerability {unknown}
Potions
 g - 3 potions of might
 l - a potion of ambrosia
 n - a potion of berserk rage {unknown}
 q - a potion of haste {unknown}
 v - a potion of resistance {unknown}
 A - a potion of lignification {unknown}
 B - 3 potions of attraction
 C - 2 potions of curing
 D - a potion of cancellation {unknown}
 E - a potion of invisibility {unknown}


   Skills:
 + Level 6.9 Fighting
 + Level 2.0 Staves
 + Level 7.0 Crossbows
 + Level 5.8 Armour
 + Level 6.2 Dodging
 - Level 0.8 Stealth
 + Level 8.1 Invocations
 + Level 2.2 Evocations


You had 9 spell levels left.
You didn't know any spells.
Your spell library was empty.

Dungeon Overview and Level Annotations

Branches:
Dungeon (9/15)             Temple (0/1) D:4             Orc (0/2) D:9
Ossuary (visited)
   Lair: D:8-11

Altars:
Elyvilon
Gozag
Kikubaaqudgha
Qazlal
Wu Jian
Xom

Annotations:
D:4 3 runed translucent doors, oldriver's ghost, amateur DrCj
D:5 4 runed translucent doors


Innate Abilities, Weirdness & Mutations

You are partially covered in slimy green scales. (AC +2)
You may rarely emit foul miasma when damaged in melee.
Spells you cast may paralyse adjacent enemies.
Your touch may inflict minor irresistible damage on your foes.


Message History

A troll comes into view.
Unknown command.
You shoot a bolt. The bolt hits the orc knight!
The bolt freezes the orc knight!
The orc knight is almost dead.
The orc knight hits you with a +2 war axe of venom.
You are poisoned.
The orc knight hits you but does no damage.
You are more poisoned.
You shoot a bolt. The bolt closely misses the orc knight.
You feel extremely sick.
The orc knight hits you with a +2 war axe of venom!
Unknown command.
You shoot a bolt. The bolt closely misses the orc knight.
You feel very sick.
The orc knight hits you with a +2 war axe of venom!! x2
* * * LOW HITPOINT WARNING * * *
You are lethally poisoned!
Unknown command.
You are too injured to fight recklessly!
Unknown command.
You are too injured to fight recklessly!
Unknown command.
Drop what? 32/52 slots (_ for help) (? for menu, Esc to quit)
Okay, then.
Unknown command.
You feel better.
The orc knight hits you but does no damage.
You are poisoned.
You feel sick.
You feel sick.
You feel sick.
Aiming: Corrosive Bolt
Press: ? - help, Shift-Dir - straight line, f/p - orc knight
Aim: an orc knight, wielding a +2 war axe of venom and wearing a +0 chain mail (severely wounded, 68% to hit)
The bolt of acid misses the orc knight.
The bolt of acid hits the troll!!
The troll is heavily wounded.
You feel sick.
The orc knight hits you with a +2 war axe of venom!!
You die...

#....##?+ #.8..##[#
⌠..... #....##!+ .....
####.##$# .... #.##$+
... #.##)# Z.
#'####### ###(#
###.#8###8###8#W#8###8
+.....'....@oT........
#####8###8###8###8###8
### ### ###


You could see an orc knight, a troll and a wraith.

Vanquished Creatures
  A cyclops (D:9)
  Joseph (D:7)
  Prince Ribbit (D:7)
  A wyvern (D:8)
  A human (shapeshifter) (D:9)
  An acid dragon (D:9)
  A hornet zombie (D:8)
  2 orc warriors
  A black bear (D:7)
  An ice beast (D:7)
  3 sky beasts (D:7)
  An ogre (D:6)
  A lemure (D:4)
  2 centaurs
  2 kobold brigands (D:9)
  A bullfrog (D:8)
  3 wyvern zombies
  5 water moccasin zombies (Ossuary)
  A water moccasin skeleton (D:4)
  8 killer bees
  11 wights
  2 howler monkeys (D:6)
  A centaur zombie (D:6)
  2 jellies
  A gnoll shaman (D:8)
  2 hounds
  Crazy Yiuf (D:7)
  5 orc priests
  2 centaur skeletons (D:7)
  An iguana (D:4)
  8 orc wizards
  2 mummies (Ossuary)
  A howler monkey zombie (D:8)
  3 gnolls (D:8)
  6 adders
  An ufetubus (D:5)
  An adder skeleton (D:5)
  2 adder zombies (Ossuary)
  24 orcs
  5 ball pythons
  11 endoplasms
  4 goblins
  5 hobgoblins
  7 jackals
  6 kobolds
  5 quokkas
  7 bats
  2 frilled lizards
  3 gnoll zombies (Ossuary)
  5 hobgoblin zombies (Ossuary)
  5 kobold zombies (Ossuary)
  3 orc zombies (Ossuary)
  3 rats
185 creatures vanquished.

Vanquished Creatures (others)
  4 fungi (D:3)
  A plant (D:1)
5 creatures vanquished.

Grand Total: 190 creatures vanquished

Notes
Turn   | Place    | Note
-------+----------+-------------------------------------------
     0 | D:1      | flotson the Demonspawn Hunter began the quest for the Orb.
     0 | D:1      | Reached XP level 1. HP: 16/16 MP: 1/1
     7 | D:1      | Noticed a barachi
     8 | D:1      | Noticed a demonspawn
    12 | D:1      | Noticed an octopode
    14 | D:1      | Noticed a vampire
    14 | D:1      | Noticed a gargoyle
    16 | D:1      | Noticed a troll
    16 | D:1      | Noticed a minotaur skeleton
    16 | D:1      | Noticed an octopode
    51 | D:1      | Found a faded altar of an unknown god.
   207 | D:1      | Gained mutation: You may rarely emit foul miasma when
                  | damaged in melee. [demonic ancestry]
   207 | D:1      | Reached XP level 2. HP: 22/22 MP: 2/2
   791 | D:2      | Reached skill level 1 in Armour
   815 | D:2      | Reached XP level 3. HP: 28/28 MP: 3/3
  1588 | D:3      | Found a shimmering altar of Xom.
  1651 | D:3      | Found a stormy altar of Qazlal.
  1678 | D:3      | Became a worshipper of Qazlal Stormbringer
  1869 | D:3      | Reached XP level 4. HP: 34/34 MP: 4/4
  2170 | D:3      | Found an ornate altar of the Wu Jian Council.
  2207 | D:4      | Reached skill level 1 in Invocations
  2217 | D:4      | Reached XP level 5. HP: 41/41 MP: 4/6
  2297 | D:4      | Found an opulent altar of Gozag.
  2311 | D:4      | Found a staircase to the Ecumenical Temple.
  2439 | D:4      | Reached skill level 2 in Invocations
  2774 | D:4      | Found a runed translucent gate.
  2774 | D:4      | Found a runed translucent gate.
  2774 | D:4      | Found a runed translucent gate.
  2779 | D:4      | Noticed oldriver's ghost (amateur DrCj)
  3160 | D:5      | Entered Level 5 of the Dungeon
  3198 | D:5      | Gained mutation: Spells you cast may paralyse adjacent
                  | enemies. [demonic ancestry]
  3198 | D:5      | Reached XP level 6. HP: 45/47 MP: 7/7
  3225 | D:5      | Identified the +9 arbalest "Nyit" {freeze, Int+3}
  3322 | D:5      | Found a large runed translucent door.
  3322 | D:5      | Found a large runed translucent door.
  3326 | D:5      | Noticed a troll
  3335 | D:5      | Found a large runed translucent door.
  3335 | D:5      | Found a large runed translucent door.
  3620 | D:5      | You fall into a shaft and drop 3 floors!
  3627 | D:8      | Reached * piety under Qazlal
  3774 | D:7      | Reached skill level 3 in Invocations
  4055 | D:6      | Reached XP level 7. HP: 53/53 MP: 9/9
  4112 | D:6      | Reached skill level 5 in Crossbows
  4119 | D:6      | Reached skill level 4 in Invocations
  4133 | D:6      | Found a sand-covered staircase.
  4138 | Ossuary  | Entered an ossuary
  4229 | Ossuary  | Reached ** piety under Qazlal
  4429 | Ossuary  | Reached XP level 8. HP: 59/61 MP: 11/11
  4743 | D:6      | Reached skill level 5 in Invocations
  5013 | D:7      | Reached skill level 5 in Fighting
  5087 | D:7      | Noticed Joseph
  5106 | D:7      | Killed Joseph
  5107 | D:7      | Reached skill level 5 in Dodging
  5107 | D:7      | Reached skill level 6 in Invocations
  5257 | D:7      | Found an ancient bone altar of Kikubaaqudgha.
  5397 | D:7      | Gained mutation: Your touch may inflict minor irresistible
                  | damage on your foes. [demonic ancestry]
  5397 | D:7      | Reached XP level 9. HP: 69/69 MP: 13/13
  5569 | D:7      | Noticed Prince Ribbit
  5576 | D:7      | Killed Prince Ribbit
  5713 | D:7      | Found a runed translucent door.
  5714 | D:7      | Noticed Crazy Yiuf
  5718 | D:7      | Killed Crazy Yiuf
  5875 | D:8      | Reached skill level 5 in Armour
  5882 | D:8      | Reached skill level 7 in Invocations
  5888 | D:8      | Reached *** piety under Qazlal
  6935 | D:8      | Reached skill level 1 in Evocations
  7222 | D:9      | Reached skill level 1 in Staves
  7345 | D:9      | Found a staircase to the Orcish Mines.
  7356 | D:9      | Gained mutation: You are partially covered in slimy green
                  | scales. (AC +2) [demonic ancestry]
  7356 | D:9      | Reached XP level 10. HP: 69/77 MP: 15/15
  7476 | D:9      | Noticed a cyclops
  7478 | D:9      | Reached skill level 8 in Invocations
  7479 | D:9      | Killed a cyclops
  7479 | D:9      | Noticed an orc knight
  7489 | D:9      | Mangled by an orc knight

Illustrated notes

Levels and vault maps discovered:
D:1:      shiori_arrival_whats_in_store_for_you, layout_basic,
          shapermc_ecumenical_altar_mp_urbaneastern, serial_corexii_hall,
          chequers_hall_statues_y, chequers_hall_statues_wall_a,
          chequers_serial_rivers_micro_e
D:2:      layout_basic, minmay_misc_feat_roman, minmay_cut_off
D:3:      layout_loops_ring, mainiacjoe_overflow_boulevard,
          nzn_wu_jian_council_hall, mainiacjoe_overflow_alcove_4,
          minmay_goblin_kobold_house
D:4:      layout_basic, nicolae_elyvilon_temple_path, mainiacjoe_overflow_paths,
          minmay_temple_entry_crystal_x, ebering_ghost_rock_garden
D:5:      layout_cave_pools, chequers_serial_rivers_micro_a,
          minmay_hollow_rounded_squares, uniq_pikel
D:6:      layout_cave_pools, enter_ossuary_5
D:7:      black_bear_nest_2, layout_loops_cross,
          nicolae_kikubaaqudgha_miasma_corner, uniq_crazy_yiuf_cottage,
          uniq_prince_ribbit1, uniq_joseph
D:8:      layout_cave_pools
D:9:      wad_statue_garden, layout_basic, mainiacjoe_overflow_alcove_2,
          grunt_temple_overflow_open, orc_0_dummy,
          ebering_dispersal_statue_hall, amethyst_killhole,
          minmay_stone_trees_small

Skill      XL: |  1  2  3  4  5  6  7  8  9 10 |
---------------+-------------------------------+-----
Dodging        | 2 3 4 5 6 |  6.2
Armour         | 1 2 3 4 5 |  5.8
Crossbows      | 4 5 6 7 |  7.0
Fighting       | 3 4 5 6 |  6.9
Invocations    | 1 2 3 4 6 7 8 |  8.1
Evocations     | 1 2 |  2.2
Staves         | 1 2 |  2.0
Stealth        | |  0.8

Action                   |  1- 3 |  4- 6 |  7- 9 | 10-12 || total
-------------------------+-------+-------+-------+-------++-------
Melee: Quarterstaff      |       |    41 |   221 |       ||   262
 Fire: Hand crossbow     |    84 |    54 |       |       ||   138
       Arbalest          |       |    38 |    77 |    28 ||   143
Evoke: Wand              |       |       |       |     1 ||     1
  Use: Scroll            |       |       |     6 |       ||     6
       Potion            |       |       |     1 |     1 ||     2
 Stab: Paralysed         |       |       |     2 |       ||     2
Armor: Leather armour    |     7 |       |       |       ||     7
       Ring mail         |       |    38 |       |       ||    38
       Pearl dragon scal |       |    25 |   176 |    10 ||   211
Dodge: Dodged            |    14 |    45 |   163 |    12 ||   234
Block: Other             |       |     2 |    33 |     5 ||    40

Table legend: (Time is in decaauts)
 A = Elapsed time spent in this place.
 B = Non-inter-level travel time spent in this place.
 C = Inter-level travel time spent in this place.
 D = Time resting spent in this place.
 E = Time spent auto-exploring this place.
 F = Levels seen in this place.
 G = Mean time per level.
                   A        B        C        D        E       F      G
               +--------+--------+--------+--------+--------+-----+--------+
         Total |   7684 |   7552 |    132 |    151 |   5912 |  10 |  768.4 |
       Dungeon |   7214 |   7082 |    132 |    151 |   5639 |   9 |  801.6 |
       Ossuary |    470 |    470 |      0 |      0 |    273 |   1 |  470.0 |
               +--------+--------+--------+--------+--------+-----+--------+

Top non-repeatable levels by time:
     D:8: 1246 daAuts
     D:7: 1243 daAuts
     D:4: 1040 daAuts
     D:2: 792 daAuts
     D:3: 791 daAuts
     D:6: 722 daAuts
     D:1: 642 daAuts
 Ossuary: 470 daAuts
     D:5: 416 daAuts
     D:9: 319 daAuts
